 Dungeon Crawl Stone Soup version 0.30.1-4-g462c640d31 (webtiles) character file.

Game seed: 7916253631174249515

66355 croobank the Spry (level 14, -1/73 HPs)
             Began as a Felid Summoner on Aug 23, 2023.
             Was an Initiate of Gozag.
             Killed from afar by a salamander tyrant (34 damage)
             ... with a flame surge
             ... on level 4 of the Snake Pit on Aug 24, 2023.
             The game lasted 03:42:49 (44060 turns).

croobank the Spry (Felid Summoner)                 Turns: 44060, Time: 03:42:50

Health: -1/73      AC:  3    Str:  4    XL:     14   Next: 78%
Magic:  20/32      EV: 33    Int: 34    God:    Gozag
Gold:   6077       SH:  5    Dex: 19    Spells: 4/39 levels left
                                        Lives:  0   Deaths: 3

rFire   . . .        (weapon unavailable)
rCold   + . .        (shield unavailable)
rNeg    . . .        (body armour unavailable)
rPois   .            (helmet unavailable)
rElec   .            (cloak unavailable)
rCorr   .            (gloves unavailable)
SInv    +            (boots unavailable)
Will    ++...        l - amulet of Cuubbo {Reflect Regen+ Slay+2 SH+5}
Stlth   +++          B - +6 ring of intelligence
HPRegen 1.12/turn    D - +6 ring of intelligence
MPRegen 0.23/turn

%: reflection
@: weakened, quick
A: very small, claws 1, fangs 3, see invisible, speed 1, shaggy fur 3, stealthy
paws, no weapons or thrown items, no armour, multi-lived
a: Renounce Religion, Potion Petition, Call Merchant, Bribe Branch


You were on level 4 of the Snake Pit.
You worshipped Gozag.
Gozag was greatly pleased with you.
You visited 6 branches of the dungeon, and saw 28 of its levels.
You also visited: Gauntlet and Volcano.

You collected 9816 gold pieces.
You spent 739 gold pieces at shops.
You paid 3000 gold pieces to Gozag.

Inventory:

Jewellery
 f - a ring of ice
 j - a ring of ice
 l - the amulet of Cuubbo (around neck) {Reflect Regen+ Slay+2 SH+5}
   (You acquired it on level 1 of the Snake Pit)

   [amulet of reflection]

   It reflects blocked missile attacks.
   Slay:      It affects your accuracy & damage with ranged weapons and melee
   (+2).
   Regen:     It increases your rate of health regeneration.
   SH:        It affects your SH (+5).
 n - a +6 ring of dexterity
 o - the ring of Fawkynlu {rC++ MP+9 Stlth+}
   (You acquired it on level 5 of the Lair of Beasts)

   [ring of magical power]

   rC:        It greatly protects you from cold.
   MP:        It affects your magic capacity (+9).
   Stlth:     It makes you more stealthy.
 A - a ring of flight
 B - a +6 ring of intelligence (left paw)
 D - a +6 ring of intelligence (right paw)
 I - a ring of willpower
Wands
 c - a wand of flame (19)
 i - a wand of roots (12)
 q - a wand of digging (2)
 v - a wand of paralysis (14)
 E - a wand of polymorph (8)
Scrolls
 e - 2 scrolls of fog
 m - 4 scrolls of poison
 t - 2 scrolls of amnesia
 u - 9 scrolls of identify
 w - 4 scrolls of fear
 x - a scroll of torment
 z - 6 scrolls of immolation
 F - a scroll of vulnerability
 G - a scroll of magic mapping
 H - 5 scrolls of teleportation
 M - a scroll of silence
Potions
 a - 4 potions of mutation
 b - 2 potions of brilliance
 d - 9 potions of attraction
 g - 2 potions of might
 h - 12 potions of curing
 k - 5 potions of heal wounds
 r - 5 potions of flight
 s - 2 potions of lignification
 C - a potion of magic
 J - 2 potions of ambrosia
 K - a potion of invisibility
 L - 2 potions of berserk rage
Miscellaneous
 p - a box of beasts


   Skills:
 - Level 15.0 Fighting
 - Level 19.0 Dodging
 - Level 3.3 Stealth
 - Level 13.0 Spellcasting
 + Level 13.8 Hexes
 - Level 16.0 Summonings
 - Level 7.0 Air Magic


You had 4 spell levels left.
You knew the following spells:

 Your Spells              Type           Power      Damage    Failure   Level
a - Summon Small Mammal   Summ           100%       N/A       0%          1
b - Call Imp              Summ           100%       N/A       0%          2
c - Call Canine Familiar  Summ           92%        N/A       0%          3
d - Summon Guardian Gole  Hex/Summ       89%        N/A       0%          3
e - Summon Lightning Spi  Summ/Air       79%        N/A       1%          4
f - Summon Mana Viper     Hex/Summ       89%        N/A       1%          5
g - Mephitic Cloud        Conj/Pois/Air  37%        N/A       2%          3
h - Monstrous Menagerie   Summ           46%        N/A       2%          7
i - Enfeeble              Hex            43%        N/A       6%          7

Your spell library contained the following spells:

 Spells                   Type           Power      Damage    Failure   Level
 Kiss of Death            Conj/Necr      88%        2d12      1%          1
 Magic Dart               Conj           88%        1d7       1%          1
 Ensorcelled Hibernation  Hex/Ice        100%       N/A       1%          2
 Poisonous Vapours        Pois/Air       90%        N/A       1%          2
 Confusing Touch          Hex            86%        N/A       1%          3
 Swiftness                Air            62%        N/A       1%          3
 Anguish                  Hex/Necr       31%        N/A       1%          4
 Cause Fear               Hex            43%        N/A       1%          4
 Summon Ice Beast         Ice/Summ       66%        N/A       1%          4
 Lesser Beckoning         Tloc           44%        N/A       3%          2
 Passwall                 Tmut/Erth      18%        N/A       3%          2
 Frozen Ramparts          Ice            44%        1d7       6%          3
 Gell's Gravitas          Tloc           22%        N/A       6%          3
 Ignite Poison            Fire/Tmut/Pois 22%        N/A       6%          3
 Teleport Other           Tloc           22%        N/A       6%          3
 Dispel Undead            Necr           22%        3d12      19%         4
 Ice Form                 Ice/Tmut       22%        N/A       19%         4
 Manifold Assault         Tloc           22%        N/A       19%         4
 Sticky Flame             Conj/Fire      22%        2d4       19%         4
 Freezing Cloud           Conj/Ice/Air   18%        6-21      22%         5
 Fireball                 Conj/Fire      11%        3d7       47%         5
 Iskenderun's Battlesphe  Conj           22%        2d8       47%         5
 Conjure Ball Lightning   Conj/Air       22%        3x3d6     56%         6
 Dispersal                Tloc           11%        N/A       96%         6
 Orb of Destruction       Conj           11%        9d6       100%        7
 Ozocubu's Refrigeration  Ice            11%        4d9       100%        7
 Disjunction              Tloc           11%        N/A       100%        8
 Ignition                 Fire           11%        3d5       100%        8
 Polar Vortex             Ice            11%        N/A       100%        9
 Simulacrum               Ice/Necr       Unusable   N/A       N/A         6

Dungeon Overview and Level Annotations

Branches:
Dungeon (15/15)            Temple (1/1) D:5            Lair (5/5) D:11
  Swamp (0/4) Lair:3        Snake (4/4) Lair:3        Slime (0/5) Lair:5
    Orc (2/2) D:11            Elf (1/3) Orc:2        Vaults (0/5) D:14
 Depths (0/4) D:15        Volcano (visited)         Gauntlet (visited)

Altars:
Ashenzari
Cheibriados
Elyvilon
Fedhas
Gozag
Hepliaklqana
Makhleb
Nemelex Xobeh
Qazlal
Ru
Uskayaw
Vehumet
Wu Jian
Zin
Jiyva

Shops:
Orc:2 [:[*   Lair:3 *=*   Snake:3 *[((

Annotations:
D:14 2 runed translucent doors, Okhots's ghost, journeyman MiFi
Snake:4 3 runed translucent doors, wingedge's ghost, adept DgEE
Elf:1 exclusions: dancing weapon and deep elf archer


Innate Abilities, Weirdness & Mutations

You have sharp claws.
You have razor-sharp teeth.
You have supernaturally acute eyesight. (SInv)
You cover ground quickly. (Speed+)
Your thick and shaggy fur keeps you warm. (AC +3, rC+)
Your paws help you pounce on unaware monsters.
You are incapable of wielding weapons or throwing items.
You cannot wear armour.
You gain extra lives every three experience levels.


Message History

A naga warrior comes into view.
It is wielding a +1 short sword of draining.
You see here a +0 halberd. 2 salamander tyrants come into view.
Found 20 gold pieces.
The naga warrior shouts!
You hear a shout!
The naga warrior spits poison at you. The splash of poison misses you.
The salamander tyrant moves out of view.
You hear a shout! x4
You hear a shout!
A naga warrior comes into view.
It is wielding a +0 scimitar and wearing a +0 tower shield of poison resistance.
You see here a +0 halberd.
You swap places.
Your sphinx mumbles some strange words.
The naga warrior easily resists.
The naga warrior moves out of view.
What are your orders? t - Meow!
Orders for allies: a - Attack new target. r - Retreat! s - Stop attacking. g - Guard the area. f - Follow me.
Anything else - Cancel.
Gang up on whom?
Press: ? - help, Dir - move target, f - salamander tyrant
Aim: a salamander tyrant Attack!
Your manticore flicks its tail.
The naga warrior blocks the volley of spikes.
The salamander tyrant rends the earth beneath you!
The blast of magma engulfs you!!!
Ouch! That really hurt!
The blast of magma engulfs your sphinx!!!
The salamander tyrant gazes fiercely through you!
You feel your attacks grow feeble.
A guardian serpent comes into view.
The naga warrior roars a battlecry!
The salamander tyrant goes into a battle-frenzy!
The salamander tyrant calls gouts of flame from the lava!
The flame surge hits you!!
You die...
Your body crumbles into a pile of gold.

.....#.......≈≈§......#......#.=Z
...^.#.....§≈≈≈≈......#......##W.
.....#.....≈§≈≈≈≈....)#......#/.W
....##..§§≈§≈≈≈§§≈≈≈..##.....#.#.
...##.).≈≈§§§≈≈§≈≈≈§...##....####
..##...≈≈§########§≈§...##.......
.##..≈≈§###......###≈≈≈..##......
##..≈≈≈##..........##≈≈§§.##.....
#..≈≈≈##...))...@.H.##≈≈§§§##....
.§§§≈##....######≈H..##§§§§.##...
.≈§§##...###,,,,###)..##§≈§§.##..
§≈≈##...##,,,,,,,,##...##§≈≈.§#..
.)§#...##,,~~~~~~,,##...#§§§§§#..
..§'...#,,~~~~~~~~,,*..N#####[#).
########,~~~~~~~~~~,*#N#S.,*#....
*,,,***,,~~~~~~~~~~,,*#.N...##...
,,,,,**,~~~~~~~~~~~~,*,..N.$,####


You could see a salamander tyrant (strong), a friendly sphinx (summoned) and a
friendly manticore (summoned).

Vanquished Creatures
  2 anacondas
  Erica (Lair:2)
  A naga warrior (Snake:4)
  A salamander mystic (Snake:4)
  A mana viper (Snake:4)
  2 black mambas
  A naga mage (Snake:4)
  A blink frog (Lair:5)
  A yak (Lair:3)
  A vampire mosquito (Lair:5)
  2 bullfrogs
  3 electric eels (D:13)
  An orc priest (D:3)
  A sleepcap (D:7)
  An iguana (D:6)
  3 nameless horrors
  2 ufetubi
  A worm (D:3)
  5 orcs
  2 ball pythons (D:3)
  A giant cockroach (D:2)
  A goblin (D:1)
  2 hobgoblins
  3 quokkas
  2 bats
42 creatures vanquished.

Vanquished Creatures (collateral kills)
  2 nagarajas
  A stone giant (D:15)
  2 salamander tyrants (Snake:4)
  An entropy weaver (shapeshifter) (Elf:1)
  A vault guard (D:14)
  2 hydras (Lair:5)
  5 centaur warriors
  2 ogre magi (Orc:2)
  5 anacondas
  A catoblepas (D:15)
  A death knight (D:15)
  14 naga warriors
  2 boulder beetles
  5 two-headed ogres
  4 tengu warriors
  3 naga sharpshooters
  6 death yaks (Lair:2)
  7 shock serpents
  2 deep elf knights (Elf:1)
  6 salamander mystics
  2 skysharks (Lair:5)
  A deep elf archer (Elf:1)
  A phantasmal warrior (D:15)
  2 deep trolls (Orc:2)
  Pikel (D:8)
  6 naga ritualists
  3 lindwurms (Snake:4)
  An orc knight (D:11)
  3 orc sorcerers
  4 deep elf pyromancers
  10 mana vipers
  6 cyclopes
  3 ugly things
  4 manticores
  7 elephants
  17 salamanders
  A centaur zombie (D:14)
  5 guardian serpents
  12 naga magi
  46 black mambas
  14 cane toads
  A gargoyle (D:13)
  A centaur skeleton (D:14)
  A cane toad (shapeshifter) (D:15)
  2 rime drakes (Lair:1)
  3 freezing wraiths
  7 komodo dragons
  Psyche (D:10)
  4 yaktaurs (D:15)
  3 tyrant leeches
  9 trolls
  2 meliai (D:14)
  8 blink frogs
  10 slime creatures (D:12)
  A dream sheep (Lair:1)
  A centaur simulacrum (D:14)
  12 yaks
  4 wyverns
  4 wraiths
  2 shadows
  4 basilisks
  14 vampire mosquitoes
  A steam dragon (D:6)
  4 wargs
  34 nagas
  An acid dragon (D:9)
  A swamp worm (Lair:3)
  9 water moccasins
  A floating eye (shapeshifter) (D:14)
  A sky beast (D:7)
  14 orc warriors
  A black bear (Lair:2)
  5 boggarts (D:15)
  18 ogres
  2 centaurs
  2 lemures (D:8)
  A phantom (D:4)
  3 kobold brigands
  17 bullfrogs
  A scorpion (D:5)
  2 wights (D:6)
  4 killer bees (D:8)
  An electric eel (D:13)
  6 howler monkeys
  8 nameless horrors
  7 jellies
  A crimson imp (D:8)
  4 hounds
  10 orc priests
  An iguana (D:5)
  2 sleepcaps
  14 orc wizards
  7 adders
  8 gnolls
  A shadow imp (D:6)
  A white imp (D:7)
  An ufetubus (D:7)
  A worm (D:4)
  3 dart slugs
  75 orcs
  4 bats
  5 endoplasms
  3 giant cockroaches
  7 goblins
  6 hobgoblins
  7 kobolds
  4 ball pythons
  A frilled lizard (D:3)
  4 rats
629 creatures vanquished.

Vanquished Creatures (others)
  An orc warlord (Orc:2)
  2 anacondas
  3 centaur warriors
  A hydra (D:14)
  A catoblepas (Lair:4)
  2 death knights (D:11)
  2 death yaks (Lair:3)
  8 two-headed ogres
  A tengu warrior (D:11)
  A naga warrior (Snake:4)
  A goliath frog (Lair:4)
  A skeletal warrior (D:11)
  A necromancer (D:14)
  2 ugly things
  A cyclops (D:11)
  A manticore (D:14)
  An elephant (Lair:1)
  5 black mambas
  A torpor snail (Lair:3)
  A gargoyle (D:8)
  A centaur skeleton (D:14)
  6 cane toads
  2 komodo dragons (Lair:1)
  A meliai (D:14)
  A polar bear (Lair:4)
  A tyrant leech (Lair:3)
  3 trolls
  A blink frog (Lair:5)
  A harpy skeleton (D:14)
  A spriggan (Lair:2)
  24 yaks
  A vampire (D:9)
  A basilisk (Lair:1)
  Menkaure (D:6)
  3 swamp worms (Lair:3)
  2 vampire mosquitoes
  An acid dragon (D:11)
  2 water moccasins
  5 orc warriors
  An ice beast (D:5)
  2 black bears
  4 ogres
  A centaur (D:7)
  A lemure (D:7)
  Blork the orc (D:6)
  A scorpion (D:6)
  A gnoll sergeant (D:9)
  7 wights
  2 iguanas
  4 gnolls
  An adder (D:4)
  3 orcs
  5 kobolds
129 creatures vanquished.

Grand Total: 800 creatures vanquished

Notes
Turn   | Place    | Note
-------+----------+-------------------------------------------
     0 | D:1      | croobank the Felid Summoner began the quest for the Orb.
     0 | D:1      | Reached XP level 1. HP: 7/7 MP: 4/4
   486 | D:1      | Reached skill level 3 in Dodging
   486 | D:1      | Reached XP level 2. HP: 11/11 MP: 3/6
   492 | D:1      | Learned a level 2 spell: Call Imp
   524 | D:1      | Found a faded altar of an unknown god.
  1882 | D:3      | Reached XP level 3. HP: 14/14 MP: 3/7
  1974 | D:3      | Learned a level 3 spell: Call Canine Familiar
  2102 | D:3      | Reached skill level 1 in Fighting
  2102 | D:3      | Reached XP level 4. HP: 10/19 MP: 3/9
  2306 | D:3      | Reached skill level 4 in Dodging
  3242 | D:4      | Reached XP level 5. HP: 22/22 MP: 4/10
  3312 | D:4      | Learned a level 3 spell: Summon Guardian Golem
  3483 | D:4      | Noticed a phantom
  3503 | D:4      | Killed a phantom
  3504 | D:4      | Reached skill level 1 in Hexes
  3566 | D:4      | Reached skill level 5 in Summonings
  3566 | D:4      | Gained mutation: You are covered in thick fur. (AC +2)
                  | [Felid growth]
  3566 | D:4      | Reached XP level 6. HP: 26/26 MP: 3/11
  4423 | D:5      | Entered Level 5 of the Dungeon
  4461 | D:5      | Reached skill level 5 in Dodging
  4634 | D:5      | Reached XP level 7. HP: 31/31 MP: 6/13
  4639 | D:5      | Learned a level 4 spell: Summon Lightning Spire
  4953 | D:5      | Found a staircase to the Ecumenical Temple.
  4962 | Temple   | Entered the Ecumenical Temple
  4970 | Temple   | Became a worshipper of Gozag Ym Sagoz the Greedy
  5552 | D:5      | Reached skill level 1 in Air Magic
  6157 | D:6      | Noticed Menkaure
  6174 | D:6      | Reached skill level 6 in Dodging
  6174 | D:6      | Reached XP level 8. HP: 22/35 MP: 2/15
  6232 | D:6      | Killed Menkaure
  6397 | D:6      | Reached skill level 5 in Hexes
  7097 | D:6      | Reached skill level 7 in Dodging
  7097 | D:6      | Reached skill level 5 in Spellcasting
  7147 | D:6      | Noticed Blork the orc
  7159 | D:6      | Killed Blork the orc
  7461 | D:6      | Identified the +3 robe "Dyfruso" {Contam rC+ Dex+2 Slay+2}
  7773 | D:6      | Reached XP level 9. HP: 40/40 MP: 15/17
  8006 | D:7      | Reached skill level 5 in Fighting
  9039 | D:7      | Identified the +0 helmet of Erphieq {rElec Will+}
  9219 | D:8      | Noticed Pikel
  9459 | D:8      | Reached skill level 8 in Dodging
  9713 | D:8      | Killed Pikel
  9822 | D:8      | Reached XP level 10. HP: 36/45 MP: 7/20
  9942 | D:8      | Found a burning altar of Makhleb.
  9942 | D:8      | Found a radiant altar of Vehumet.
 10283 | D:8      | Noticed a gargoyle
 10321 | D:8      | Killed a gargoyle
 10712 | D:9      | Reached skill level 9 in Dodging
 10720 | D:9      | Reached skill level 5 in Air Magic
 11084 | D:9      | Identified the +12 flail of Xul Dew {flame, *Corrode Str+5}
 11158 | D:9      | You fall into a shaft and drop 1 floor!
 11158 | D:10     | Entered Level 10 of the Dungeon
 11248 | D:10     | Noticed Psyche
 11263 | D:10     | Killed Psyche
 11610 | D:10     | Noticed a two-headed ogre
 11630 | D:10     | Killed a two-headed ogre
 11631 | D:10     | Reached skill level 10 in Dodging
 12216 | D:9      | Reached XP level 11. HP: 50/50 MP: 10/22
 12542 | D:10     | Noticed a two-headed ogre
 12553 | D:10     | Killed a two-headed ogre
 12918 | D:11     | Found a staircase to the Lair.
 12939 | D:11     | Noticed a two-headed ogre
 12944 | D:11     | Killed a two-headed ogre
 13194 | D:11     | Noticed a centaur warrior
 13200 | D:11     | Noticed a death knight
 13201 | D:11     | Noticed a deep elf pyromancer
 13204 | D:11     | Noticed a boulder beetle
 13205 | D:11     | Identified a scroll of acquirement
 13205 | D:11     | Acquired a book of Beasts
 13206 | D:11     | Killed a two-headed ogre
 13214 | D:11     | Noticed a skeletal warrior
 13218 | D:11     | Killed a centaur warrior
 13219 | D:11     | Reached skill level 11 in Dodging
 13254 | D:11     | Killed a death knight
 13262 | D:11     | Killed a skeletal warrior
 13275 | D:11     | Killed a deep elf pyromancer
 13283 | D:11     | Noticed a deep elf pyromancer
 13289 | D:11     | Killed a deep elf pyromancer
 13411 | D:11     | Killed a boulder beetle
 13443 | D:11     | Noticed a death knight
 13448 | D:11     | Noticed an orc knight
 13909 | D:11     | Killed an orc knight
 13921 | D:11     | Noticed a two-headed ogre
 13930 | D:11     | Killed a two-headed ogre
 13931 | D:11     | Reached skill level 12 in Dodging
 13931 | D:11     | Gained mutation: Your thick and shaggy fur keeps you warm.
                  | (AC +3, rC+) [Felid growth]
 13931 | D:11     | Reached XP level 12. HP: 56/56 MP: 9/25
 14271 | D:11     | Killed a death knight
 14272 | D:11     | Reached skill level 10 in Summonings
 14599 | D:11     | Noticed a tengu warrior
 14609 | D:11     | Killed a tengu warrior
 14823 | D:11     | Found a staircase to the Orcish Mines.
 15134 | Lair:1   | Entered Level 1 of the Lair of Beasts
 15142 | Lair:1   | Learned a level 5 spell: Summon Mana Viper
 15151 | Lair:1   | Learned a level 3 spell: Mephitic Cloud
 15297 | Lair:1   | Found a gate leading to a gauntlet.
 15306 | Gauntlet | Entered a Gauntlet
 15306 | Gauntlet | Found a transporter.
 15314 | Gauntlet | Found a transporter.
 15316 | Gauntlet | Found a transporter.
 15317 | Gauntlet | Found a transporter.
 15325 | Gauntlet | Found a transporter.
 15328 | Gauntlet | Found a transporter.
 15329 | Gauntlet | Found a transporter.
 15333 | Gauntlet | Found a runed translucent door.
 15333 | Gauntlet | Found a runed translucent door.
 15337 | Gauntlet | Found a transporter.
 15340 | Gauntlet | Found a transporter.
 15341 | Gauntlet | Found a transporter.
 15347 | Gauntlet | Found a runed translucent gate.
 15347 | Gauntlet | Found a runed translucent gate.
 15347 | Gauntlet | Found a runed translucent gate.
 15348 | Gauntlet | Noticed a hell beast
 15349 | Gauntlet | Found a transporter.
 15352 | Gauntlet | Found a transporter.
 15353 | Gauntlet | Found a transporter.
 15364 | Gauntlet | Found a transporter.
 16947 | Lair:2   | Noticed Erica
 16964 | Lair:2   | Reached skill level 13 in Dodging
 16994 | Lair:2   | Killed Erica
 17275 | Lair:2   | Noticed a death yak
 17286 | Lair:2   | Killed a death yak
 17468 | Lair:2   | Noticed a death yak
 17470 | Lair:2   | Noticed a death yak
 17471 | Lair:2   | Noticed a death yak
 17473 | Lair:2   | Noticed a death yak
 17474 | Lair:2   | Killed a death yak
 17478 | Lair:2   | Noticed a death yak
 17483 | Lair:2   | Killed a death yak
 17484 | Lair:2   | Reached XP level 13. HP: 61/61 MP: 11/27
 17494 | Lair:2   | Reached skill level 10 in Fighting
 18699 | Lair:3   | Found a staircase to the Swamp.
 18769 | Lair:3   | Found a dark tunnel.
 18775 | Lair:3   | Bought 3 scrolls of fear for 180 gold pieces
 18778 | Lair:3   | Bought a scroll labelled NICRIUC YRY for 28 gold pieces
 18785 | Volcano  | Entered a volcano
 18877 | Lair:3   | Found a staircase to the Snake Pit.
 19406 | Lair:3   | Reached skill level 14 in Dodging
 19406 | Lair:3   | Reached skill level 10 in Spellcasting
 20011 | Lair:4   | Learned a level 7 spell: Monstrous Menagerie
 20891 | Lair:5   | Entered Level 5 of the Lair of Beasts
 20893 | Lair:5   | Found a staircase to the Slime Pits.
 20912 | Lair:5   | Found a viscous altar of Jiyva.
 22145 | Lair:5   | Reached skill level 15 in Dodging
 22748 | Lair:5   | Reached XP level 14. HP: 67/67 MP: 9/29
 23307 | Lair:5   | Acquired the ring of Fawkynlu {rC++ MP+9 Stlth+}
 23424 | Lair:5   | Identified the +1 trident "Zytwih" {antimagic, rCorr}
 24043 | Orc:1    | Entered Level 1 of the Orcish Mines
 24848 | Orc:2    | Entered Level 2 of the Orcish Mines
 24985 | Orc:2    | Paralysed by an orc sorcerer for 5 turns
 24989 | Orc:2    | Mangled by an orc warrior
 24990 | Orc:2    | Reached XP level 13. HP: -8/64 MP: 37/37
 25874 | Orc:2    | Reached skill level 16 in Dodging
 26351 | Orc:2    | Noticed an orc warlord
 26367 | Orc:2    | Killed an orc warlord
 27496 | Orc:2    | Found Puriwkef's Book Shoppe.
 27506 | Orc:2    | Found Usirph's Antique Armour Emporium.
 27507 | Orc:2    | Found Runoeq's General Store.
 27507 | Orc:2    | Found Jokal's Antique Armour Shoppe.
 27683 | Orc:2    | Found a staircase to the Elven Halls.
 27726 | Orc:2    | Reached XP level 14. HP: 69/69 MP: 22/30
 28055 | Orc:2    | Bought a potion of lignification for 45 gold pieces
 28140 | Elf:1    | Entered Level 1 of the Elven Halls
 28179 | Elf:1    | Found a radiant altar of Vehumet.
 30722 | D:13     | Found Zin's Purification Station.
 30762 | D:13     | Found a glowing silver altar of Zin.
 30765 | D:13     | Bought a potion of curing for 90 gold pieces
 31517 | D:14     | Noticed a lich
 31517 | D:14     | Noticed Okhots's ghost (journeyman MiFi)
 31743 | D:14     | Reached skill level 17 in Dodging
 31955 | D:14     | Found a gate to the Vaults.
 32206 | D:14     | Found a runed translucent door.
 32207 | D:14     | Found a runed translucent door.
 32807 | D:15     | Entered Level 15 of the Dungeon
 34082 | D:15     | Found a staircase to the Depths.
 34082 | D:15     | Noticed a stone giant
 34117 | D:15     | Killed a stone giant
 34552 | D:15     | Reached XP level 15. HP: 74/74 MP: 1/32
 35138 | Snake:1  | Entered Level 1 of the Snake Pit
 35750 | Snake:1  | Reached skill level 15 in Summonings
 35785 | Snake:1  | Acquired the amulet of Cuubbo {Reflect Regen+ Slay+2 SH+5}
 36305 | Snake:2  | Noticed a nagaraja
 36314 | Snake:2  | Killed a nagaraja
 36806 | Snake:2  | Reached skill level 18 in Dodging
 37935 | Snake:3  | Noticed a nagaraja
 37940 | Snake:3  | Found Vuaqe's Weapon Boutique.
 37940 | Snake:3  | Found Xulituem's Assorted Antiques.
 37945 | Snake:3  | Killed a nagaraja
 38125 | Snake:3  | Found Qooqop's Weapon Boutique.
 38126 | Snake:3  | Found Wellanyo's Armour Shop.
 38234 | Snake:3  | Bought a scroll of teleportation for 99 gold pieces
 38234 | Snake:3  | Bought a glowing copper amulet for 165 gold pieces
 38234 | Snake:3  | Bought a scroll of fear for 132 gold pieces
 39420 | Snake:4  | Entered Level 4 of the Snake Pit
 39785 | Snake:4  | Found a runed translucent gate.
 39785 | Snake:4  | Found a runed translucent gate.
 39790 | Snake:4  | Found a runed translucent gate.
 39792 | Snake:4  | Noticed wingedge's ghost (adept DgEE)
 39960 | Snake:4  | Reached XP level 16. HP: 80/80 MP: 34/34
 39973 | Snake:4  | Reached skill level 19 in Dodging
 40989 | Snake:4  | Reached skill level 15 in Fighting
 41144 | Snake:4  | Learned a level 7 spell: Enfeeble
 41717 | Snake:3  | Reached skill level 10 in Hexes
 42085 | Snake:4  | Killed from afar by a salamander tyrant
 42086 | Snake:4  | Reached XP level 15. HP: -12/77 MP: 6/33
 43473 | Snake:4  | HP: 1/77 [naga ritualist/Olgreb's Toxic Radiance (6)]
 43474 | Snake:4  | Succumbed to a naga ritualist's toxic radiance
 43475 | Snake:4  | Reached XP level 14. HP: -4/73 MP: 2/32
 44060 | Snake:4  | Killed from afar by a salamander tyrant

Illustrated notes

Levels and vault maps discovered:
D:1:      dpeg_arrival_shelter, layout_basic, ebering_ecumenical_altar_rust,
          grunt_decor_clamped, palyth_stone_intersect,
          nicolae_kite_square_tiling_tiny
D:2:      layout_loops_ring
D:3:      layout_basic, minivault_4
D:4:      layout_basic
D:5:      layout_gridville, lemuel_temple_firewalk_b
D:6:      layout_basic, uniq_blork_the_orc, uniq_menkaure
D:7:      layout_basic
D:8:      layout_cave_pools, grunt_temple_overflow_lords_of_destruction,
          st_stairs_6, minmay_misc_feat_iff, kennysheep_potato, uniq_pikel
D:9:      layout_roguey
D:10:     layout_long_grid, uniq_psyche
D:11:     layout_stronghold, lair_entry_dummy, hiddenorc1_lemuel, minivault_28
D:12:     layout_roguey, serial_shops, statue_bzr, kennysheep_flooded_box
D:13:     layout_basic, zin_purify
D:14:     layout_roguey, david_vaults_5, dreamdust_mushroom_princess,
          muffindrake_ghost_dual_entry
D:15:     grunt_enter_depths_snipers, layout_basic, minmay_misc_feat_five
Temple:   nicolae_temple_bog_church
Lair:1:   layout_regular_city, gauntlet_entry_generic, nzn_random_ring
Lair:2:   layout_cave_shapes, wad_woods_03, uniq_erica
Lair:3:   layout_long_grid, minmay_swamp_entry_worms,
          guppyfry_snake_entry_island, lightli_volcano_entry_magma_tube
Lair:4:   layout_gridlike, grunt_megastairs_5, infiniplex_staircase_pool
Lair:5:   minmay_lair_end_frog_pond, layout_big_grid,
          nicolae_slime_entry_field_trip
Snake:1:  layout_onion_interference
Snake:2:  layout_cave_town
Snake:3:  layout_onion_interference, minmay_shoptagon
Snake:4:  snake_pit_salamanders_mu, layout_cave_town,
          gammafunk_ghost_necromancy, nicolae_snake_gridmaze_swirls, drop_trap,
          guppyfry_library_mini
Orc:1:    layout_caves
Orc:2:    st_orc_open, layout_caves
Elf:1:    eino_elf_arrival_altar, layout_onion_city, hangedman_elf_disciples

Skill      XL: |  1  2  3  4  5  6  7  8  9 10 11 12 13 14 15 16 |
---------------+-------------------------------------------------+-----
Stealth        | 3 |  3.3
Dodging        | 3 4 5 6 7 8 10 12 13 16 17 18 19 | 19.0
Fighting       | 1 2 3 4 6 7 8 9 12 13 14 15 | 15.0
Spellcasting   | 3 4 5 6 7 8 9 11 12 13 | 13.0
Hexes          | 1 3 4 5 7 13 12 11 | 13.8
Summonings     | 5 6 7 8 9 11 13 14 15 16 | 16.0
Air Magic      | 1 3 4 6 7 |  7.0

Action                     |  1- 3 |  4- 6 |  7- 9 | 10-12 | 13-15 | 16-18 || total
---------------------------+-------+-------+-------+-------+-------+-------++-------
  Melee: Unarmed           |    20 |    17 |    41 |    21 |   127 |    22 ||   248
         Bite              |     2 |     1 |     8 |     2 |    31 |     5 ||    49
         Punch             |       |     1 |       |       |     2 |       ||     3
   Cast: Summon Small Mamm |    39 |    22 |    15 |    15 |    71 |     4 ||   166
         Call Imp          |    14 |    12 |    14 |    15 |    64 |     3 ||   122
         Call Canine Famil |     1 |    18 |    38 |    52 |   133 |     7 ||   249
         Summon Guardian G |       |     4 |    31 |    63 |   106 |     4 ||   208
         Summon Lightning  |       |       |    26 |    54 |   136 |     8 ||   224
         Summon Mana Viper |       |       |       |     2 |   164 |    14 ||   180
         Mephitic Cloud    |       |       |       |     2 |     9 |     1 ||    12
         Monstrous Menager |       |       |       |       |   110 |    38 ||   148
         Enfeeble          |       |       |       |       |    14 |       ||    14
 Invoke: Call Merchant     |       |       |       |       |     3 |       ||     3
         Potion Petition   |       |       |       |       |     1 |     2 ||     3
  Evoke: Wand              |       |       |     2 |     2 |    30 |     9 ||    43
    Use: Scroll            |       |    10 |     5 |    13 |    16 |     3 ||    47
         Potion            |       |       |     2 |     2 |     6 |     4 ||    14
   Stab: Sleeping          |     2 |     1 |     2 |       |     2 |       ||     7
         Distracted        |     1 |     2 |       |     1 |     5 |     1 ||    10
         Invisible         |       |       |       |       |     3 |       ||     3
         Confused          |       |       |       |       |     2 |       ||     2
 Armour: Skin              |     1 |     2 |     3 |     1 |    13 |       ||    20
  Dodge: Dodged            |    18 |    22 |    94 |   134 |   577 |    82 ||   927
  Block: Other             |       |       |       |       |    17 |     9 ||    26
         Reflection        |       |       |       |       |     1 |       ||     1
